 Dungeon Crawl Stone Soup version 0.31-b1-22-gc680215f68 (webtiles) character file.

Game seed: 10736574805179790596

20241 hawla the Gouger (level 12, -2/56 HPs)
             Began as a Felid Shapeshifter on Jan 18, 2024.
             Was a Believer of Makhleb.
             Slain by a seven-headed hydra (13 damage)
             ... on level 3 of the Lair of Beasts.
             The game lasted 00:41:45 (14884 turns).

hawla the Gouger (Felid Shapeshifter)              Turns: 14884, Time: 00:41:46

Health: -2/56      AC:  7    Str: 24    XL:     12   Next: 43%
Magic:  13/13      EV: 26    Int: 12    God:    Makhleb [**....]
Gold:   476        SH:  5    Dex: 19    Spells: 11/11 levels left
                                        Lives:  0   Deaths: 4

rFire   . .          .
                       - Unarmed
rCold   + . .        (shield unavailable)
rNeg    . . .        (body armour unavailable)
rPois   .            (helmet unavailable)
rElec   .            (cloak unavailable)
rCorr   .            (gloves unavailable)
SInv    +            (boots unavailable)
Will    +....        h - amulet of reflection
Stlth   ++++         e - +4 ring of protection
HPRegen 0.29/turn    f - +6 ring of strength
MPRegen 0.13/turn

%: reflection
@: maw-form, studying 2 skills
A: devouring maw, very small, claws 1, fangs 3, see invisible, shaggy fur 3,
stealthy paws, no weapons or thrown items, no armour, multi-lived, horns 1, thin
skeletal structure 1, sense surroundings 1, strong 1
a: Begin Untransformation, Renounce Religion, Minor Destruction


You were on level 3 of the Lair of Beasts.
You worshipped Makhleb.
Makhleb was pleased with you.
You were a creature with a mouth for a stomach.
You visited 3 branches of the dungeon, and saw 14 of its levels.
You also visited: Sewer and Bailey.

You collected 959 gold pieces.
You spent 483 gold pieces at shops.

Inventory:

Jewellery
 e - a +4 ring of protection (left paw)
 f - a +6 ring of strength (right paw)
 h - an amulet of reflection (around neck)
 t - a ring of positive energy
 u - an amulet of guardian spirit
Talismans
 b - a beast talisman
 c - a flux talisman
 i - a serpent talisman
 o - a maw talisman (active)
 y - a blade talisman
Wands
 k - a wand of paralysis (5)
 m - a wand of mindburst (5) (quivered)
 r - a wand of polymorph (9)
 s - a wand of digging (6)
Scrolls
 a - a scroll of silence
 j - 3 scrolls of teleportation
 p - 4 scrolls of revelation
 v - 3 scrolls of fog
Potions
 g - a potion of brilliance
 l - a potion of might
 n - 6 potions of ambrosia
 q - 3 potions of enlightenment


   Skills:
 + Level 3.0 Fighting
 + Level 12.0 Dodging
 + Level 3.1 Stealth
 + Level 13.1 Unarmed Combat
 + Level 5.1 Evocations
 - Level 12.3 Shapeshifting


You had 11 spell levels left.
You didn't know any spells.
Your spell library contained the following spells:

 Spells                   Type           Power      Damage    Failure   Level
 Kiss of Death            Conj/Necr      0%         2d5       32%         1
 Static Discharge         Conj/Air       0%         3-3/arc   45%         2
 Irradiate                Conj/Alch      0%         3d11      100%        5


Dungeon Overview and Level Annotations

Branches:
Dungeon (10/15)            Temple (1/1) D:7            Lair (3/5) D:9
    Orc (0/2) D:10          Sewer (visited)          Bailey (visited)
  Swamp: Lair:2-3    Shoals: Lair:2-3     Snake: Lair:2-3    Spider: Lair:2-3

Altars:
Ashenzari
Cheibriados
Dithmenos
Elyvilon
Fedhas
Gozag
Hepliaklqana
Kikubaaqudgha
Makhleb
Nemelex Xobeh
Okawaru
Qazlal
Ru
Sif Muna
Trog
Uskayaw
Vehumet
Wu Jian
Xom
Yredelemnul
Zin
The Shining One

Shops:
D:4 *   D:9 ?

Annotations:
D:10 exclusion: ice statue


Innate Abilities, Weirdness & Mutations

You are a creature with a mouth for a stomach.
Your midsection houses a second, enormous mouth.
You have sharp claws.
You have razor-sharp teeth.
You have supernaturally acute eyesight. (SInv)
Your thick and shaggy fur keeps you warm. (AC +3, rC+)
Your paws help you pounce on unaware monsters.
You are incapable of wielding weapons or throwing items.
You cannot wear armour.
You gain extra lives every three experience levels.
You have a pair of small horns on your head.
You have a somewhat thin skeletal structure. (Dex +2, Stealth+)
You passively map a small area around you.
Your muscles are strong. (Str +4, Int/Dex -1)


Message History

Press: ? - help, Shift-Dir - straight line, f/p - seven-headed hydra
Aim: a seven-headed hydra (heavily wounded, chance to affect: 50%)
The seven-headed hydra's minds are blasted!
The seven-headed hydra misses you.
The seven-headed hydra completely misses you.
The seven-headed hydra misses you.
The seven-headed hydra completely misses you. x3
You block the seven-headed hydra's attack.
Aiming: Mindburst
Press: ? - help, Shift-Dir - straight line, f/p - seven-headed hydra
Aim: a seven-headed hydra (severely wounded, chance to affect: 50%)
The seven-headed hydra's minds are blasted!
The seven-headed hydra completely misses you.
The seven-headed hydra barely misses you.
The seven-headed hydra misses you.
You block the seven-headed hydra's attack.
The seven-headed hydra bites you.
The seven-headed hydra bites you but does no damage.
The seven-headed hydra bites you!
* * * LOW HITPOINT WARNING * * *
Aiming: Mindburst
Press: ? - help, Shift-Dir - straight line, f/p - seven-headed hydra
Aim: a seven-headed hydra (almost dead, chance to affect: 50%)
The seven-headed hydra resists with some effort.
The seven-headed hydra bites you.
* * * LOW HITPOINT WARNING * * *
The seven-headed hydra bites you.
* * * LOW HITPOINT WARNING * * *
The seven-headed hydra barely misses you.
The seven-headed hydra bites you.
* * * LOW HITPOINT WARNING * * *
The seven-headed hydra misses you.
The seven-headed hydra completely misses you.
The seven-headed hydra bites you.
* * * LOW HITPOINT WARNING * * *
You feel better.
The seven-headed hydra completely misses you. x2
The seven-headed hydra closely misses you.
The seven-headed hydra bites you!
You die...

,.$..$. .## ,,
...P...###.. ...
♣~~~♣..P.#.,...# , *,
,,.D~♣~~.♣P.##...## ,
, ~~~~~~~..P..##..###
. ♣~~~~P.P........# ,
♣..♣~♣~~...P.......###
#.....~D.............#
#♣....W♣.......#* , **
#?.###.......### , * ,
# #.......## * , , ,
.....###..## , ,
....#*#.#.# ...#
##..#* * , , ... *
#### ,, , , ... , , ,
,


You could see a seven-headed hydra.

Vanquished Creatures
  The ghost of tdog the Covert, a journeyman SpBr of Okawaru (Lair:1)
  A hydra (Lair:3)
  A dancing weapon (Lair:1)
  A boulder beetle (D:10)
  A skyshark (Lair:2)
  Amaemon (Lair:1)
  An orc knight (Bailey)
  An oklob plant (Lair:2)
  Maurice (D:10)
  3 meliai (D:10)
  A black mamba (Lair:3)
  4 cane toads
  A torpor snail (Lair:1)
  3 komodo dragons (Lair:1)
  A red devil (Lair:1)
  A queen bee (Lair:2)
  A polar bear (Lair:2)
  A troll (D:10)
  2 wyverns
  A wraith (D:7)
  2 basilisks
  22 yaks
  11 water moccasins
  13 orc warriors
  An ogre (D:4)
  2 black bears
  9 wolves
  A phantom (D:6)
  2 centaurs
  12 bullfrogs
  2 kobold brigands (D:9)
  A scorpion (D:5)
  3 gnoll sergeants
  4 wights (D:8)
  28 killer bees
  2 electric eels
  2 howler monkeys (D:9)
  2 bombardier beetles
  A hound (D:7)
  5 orc priests
  A gnoll bouda (D:6)
  3 jellies
  4 iguanas
  5 orc wizards
  18 gnolls
  12 adders
  2 shadow imps
  A white imp (D:7)
  12 dart slugs
  2 ribbon worms
  57 orcs
  21 ball pythons
  12 endoplasms
  13 giant cockroaches
  15 goblins
  8 hobgoblins
  3 quokkas
  6 bats
  11 frilled lizards
  23 kobolds
  11 rats
393 creatures vanquished.

Notes
Turn   | Place    | Note
-------+----------+-------------------------------------------
     0 | D:1      | hawla the Felid Shapeshifter began the quest for the Orb.
     0 | D:1      | Reached XP level 1. HP: 10/10 MP: 2/2
    35 | D:1      | Reached skill level 1 in Stealth
    35 | D:1      | Reached XP level 2. HP: 14/14 MP: 3/3
   309 | D:1      | Reached XP level 3. HP: 18/18 MP: 4/4
   960 | D:2      | Reached skill level 4 in Unarmed Combat
   964 | D:2      | Reached XP level 4. HP: 22/23 MP: 5/5
   964 | D:2      | Gained a life (2 lives remaining)
   967 | D:2      | Noticed a glass eye
   969 | D:2      | Found a faded altar of an unknown god.
   974 | D:2      | Noticed a great orb of eyes
   978 | D:2      | Noticed a glass eye
   978 | D:2      | Noticed a golden eye
  1711 | D:3      | Found a hide-covered altar of Uskayaw.
  1728 | D:3      | Found a shadowy altar of Dithmenos.
  1963 | D:3      | Reached XP level 5. HP: 23/26 MP: 6/6
  2137 | D:4      | Identified the staff of Wyrd {rCorr Conj Necro}
  2554 | D:4      | Noticed an ogre
  2563 | D:4      | Killed an ogre
  2564 | D:4      | Gained mutation: You are covered in thick fur. (AC +2)
                  | [Felid growth]
  2564 | D:4      | Reached XP level 6. HP: 30/30 MP: 7/7
  2762 | D:4      | Found Reastode's General Store.
  2775 | D:4      | Bought a scroll of identify for 28 gold pieces
  2775 | D:4      | Bought a scroll of teleportation for 42 gold pieces
  2775 | D:4      | Bought a scroll of identify for 28 gold pieces
  2775 | D:4      | Bought a wand of paralysis (4) for 134 gold pieces
  2873 | D:4      | Reached skill level 5 in Unarmed Combat
  2972 | D:5      | Entered Level 5 of the Dungeon
  3525 | D:5      | Reached skill level 5 in Shapeshifting
  4163 | D:6      | Reached XP level 7. HP: 34/35 MP: 8/8
  4437 | D:6      | Noticed a yak
  4438 | D:6      | Identified a scroll of acquirement
  4438 | D:6      | Acquired a manual of Evocations
  4439 | D:6      | Noticed a yak
  4448 | D:6      | Noticed a yak
  4456 | D:6      | Noticed a yak
  4459 | D:6      | Noticed a yak
  4663 | D:6      | Found a glowing drain.
  4667 | Sewer    | Entered a sewer
  5055 | Sewer    | Gained mutation: You have a somewhat thin skeletal
                  | structure. (Dex +2, Stealth+) [potion of mutation]
  5055 | Sewer    | Gained mutation: You have hidden genetic potential. [potion
                  | of mutation]
  5055 | Sewer    | Gained mutation: Your muscles are strong. (Str +4, Int/Dex
                  | -1) [potion of mutation]
  5058 | Sewer    | HP: 1/35 [bullfrog (1)]
  5062 | Sewer    | Reached skill level 6 in Unarmed Combat
  5203 | Sewer    | Identified the +9 mace of Calculation {venom, +Blink Int-2
                  | Dex+3}
  5267 | D:6      | Killed a yak
  5274 | D:6      | Killed a yak
  5275 | D:6      | Reached XP level 8. HP: 39/39 MP: 9/9
  5298 | D:6      | Reached skill level 7 in Unarmed Combat
  5313 | D:6      | Gained mutation: You passively map a small area around you.
                  | [hidden potential]
  5506 | D:6      | Killed from afar by an electric eel
  5506 | D:6      | Lost a life (1 life remaining)
  5546 | D:6      | Reached skill level 8 in Unarmed Combat
  5552 | D:6      | Reached skill level 1 in Evocations
  5742 | D:6      | Found a white marble altar of Elyvilon.
  5998 | D:7      | Reached XP level 9. HP: 43/43 MP: 10/10
  5998 | D:7      | Gained a life (2 lives remaining)
  6237 | D:7      | Killed from afar by an orc priest
  6237 | D:7      | Lost a life (1 life remaining)
  6432 | D:7      | Found a staircase to the Ecumenical Temple.
  7102 | D:7      | Gained mutation: You have a pair of small horns on your
                  | head. [hidden potential]
  7102 | D:7      | Lost mutation: You have hidden genetic potential. [hidden
                  | potential expressed]
  7338 | D:7      | Found a glowing golden altar of the Shining One.
  7759 | D:8      | Reached skill level 9 in Unarmed Combat
  7760 | D:8      | Found a hazy altar of Hepliaklqana.
  8755 | D:9      | Acquired a manual of Dodging
  9077 | D:9      | Reached skill level 10 in Unarmed Combat
  9092 | D:9      | HP: 2/44 [yak (15)]
  9098 | D:8      | Reached XP level 10. HP: 4/49 MP: 11/11
  9098 | D:8      | Gained a life (2 lives remaining)
  9503 | D:9      | HP: 2/73 [killer bee (2)]
  9506 | D:9      | Succumbed to a killer bee's poison
  9506 | D:9      | Lost a life (1 life remaining)
  9657 | D:9      | Found Leytylo's Magic Scroll Shop.
  9662 | D:9      | Bought a scroll of identify for 34 gold pieces
  9662 | D:9      | Bought a scroll of revelation for 127 gold pieces
  9733 | D:9      | Found a staircase to the Lair.
  9737 | D:9      | Found Zin's Purification Station.
  9738 | D:9      | Found a glowing silver altar of Zin.
  9755 | D:9      | Bought a potion of curing for 90 gold pieces
 10077 | D:9      | Found a sparkling altar of Nemelex Xobeh.
 10249 | D:10     | Entered Level 10 of the Dungeon
 10303 | D:10     | Noticed a meliai
 10311 | D:10     | Killed a meliai
 10312 | D:10     | Reached skill level 10 in Shapeshifting
 10322 | D:10     | Noticed a meliai
 10324 | D:10     | Noticed a meliai
 10329 | D:10     | Killed a meliai
 10331 | D:10     | Killed a meliai
 10332 | D:10     | Reached skill level 5 in Dodging
 10476 | D:10     | Found a flagged portal.
 10489 | Bailey   | Entered a bailey
 10834 | Bailey   | Noticed an orc knight
 10849 | Bailey   | Reached skill level 5 in Evocations
 10854 | Bailey   | Killed an orc knight
 11082 | D:10     | Found an iron altar of Okawaru.
 11130 | D:10     | Reached XP level 11. HP: 46/52 MP: 9/12
 11226 | Temple   | Entered the Ecumenical Temple
 11249 | Temple   | Became a worshipper of Makhleb the Destroyer
 11366 | D:10     | Noticed Maurice
 11497 | D:10     | Noticed a boulder beetle
 11504 | D:10     | Killed a boulder beetle
 11556 | D:10     | Killed Maurice
 11589 | D:10     | Found a staircase to the Orcish Mines.
 11983 | Lair:1   | Entered Level 1 of the Lair of Beasts
 12165 | Lair:1   | Reached skill level 11 in Unarmed Combat
 12182 | Lair:1   | Reached skill level 10 in Dodging
 12229 | Lair:1   | Found a runed translucent door.
 12229 | Lair:1   | Found a shimmering altar of Xom.
 12229 | Lair:1   | Noticed tdog's ghost (journeyman SpBr)
 12230 | Lair:1   | Noticed a +1 war axe of chaos
 12242 | Lair:1   | Killed a +1 war axe of chaos
 12250 | Lair:1   | Killed tdog's ghost
 12414 | Lair:1   | Got the Directory of Damage
 12755 | Lair:1   | Noticed Amaemon
 12809 | Lair:1   | Reached * piety under Makhleb
 13018 | Lair:1   | Killed Amaemon
 13019 | Lair:1   | Reached skill level 12 in Unarmed Combat
 13391 | Lair:2   | Gained mutation: Your thick and shaggy fur keeps you warm.
                  | (AC +3, rC+) [Felid growth]
 13391 | Lair:2   | Reached XP level 12. HP: 56/56 MP: 13/13
 13430 | Lair:2   | Reached ** piety under Makhleb
 14804 | Lair:3   | Noticed a four-headed hydra
 14816 | Lair:3   | Killed a four-headed hydra
 14817 | Lair:3   | Reached skill level 13 in Unarmed Combat
 14846 | Lair:3   | Noticed a seven-headed hydra
 14855 | Lair:3   | Slain by a seven-headed hydra
 14855 | Lair:3   | Lost a life (0 lives remaining)
 14870 | Lair:3   | Noticed a seven-headed hydra
 14883 | Lair:3   | HP: 1/56 [seven-headed hydra (5)]
 14884 | Lair:3   | Slain by a seven-headed hydra

Illustrated notes

Levels and vault maps discovered:
D:1:      scummos_arrival_simple_crosswalls, layout_rooms
D:2:      kennysheep_the_goblin_king, layout_loops_ring,
          hellmonk_ecumenical_altar_watching_god, minivault_24
D:3:      layout_rooms, mainiacjoe_overflow_catwalk_spiral,
          minmay_misc_feat_tower, moated_statue, kennysheep_generic_room_11
D:4:      layout_cave_pods, serial_shops, shop
D:5:      layout_basic, nicolae_houndstooth_variations
D:6:      layout_cave_pools, nicolae_elyvilon_temple_path, serial_column_ruins,
          column_ruins_square_small, column_ruins_square_medium,
          column_ruins_grid_3, column_ruins_corridor_straight,
          column_ruins_columns_straight, column_ruins_grid_2,
          column_ruins_columns_straight, column_ruins_open_tiny,
          mainiacjoe_sewer_entry_somewhere_in_here_2
D:7:      layout_layer_cave, kennysheep_mini_moat, minmay_temple_entry_poolview
D:8:      layout_basic, overflow_temple_1_default, minmay_misc_feat_encased,
          minivault_1
D:9:      layout_small_grid, nemelex_spade_bored_becter, zin_purify,
          lair_entry_dummy, serial_shops, shop, grunt_ministairs_7,
          evilmike_butchery
D:10:     layout_small_grid, mainiacjoe_overflow_six_doors_small, orc_0_dummy,
          serial_glass, glass_columns_b, glass_columns_a, enter_bailey_3,
          minmay_statue_bubble, uniq_maurice
Temple:   nicolae_temple_ecumenical_triangle
Lair:1:   layout_regular_city, ebering_ghost_xom, dreamdust_mushroom_princess,
          uniq_amaemon
Lair:2:   layout_roguey [special_room_bee], minmay_lair_oklob_items,
          grunt_megastairs_3, lemuel_fruit_fields
Lair:3:   wander_river, layout_cave_pods, minmay_shoals_entry_beasts,
          dummy_snake_entry, serial_bayou_pond_a,
          nicolae_quartered_pool_impasse, infiniplex_staircase_pool,
          lemuel_fruit_fields

Skill      XL: |  1  2  3  4  5  6  7  8  9 10 11 12 |
---------------+-------------------------------------+-----
Dodging        | 3 4 8 12 | 12.0
Stealth        | 1 2 3 |  3.1
Shapeshifting  | 3 4 5 6 7 8 10 11 12 | 12.3
Fighting       | 2 3 |  3.0
Unarmed Combat | 4 5 6 8 10 12 13 | 13.1
Evocations     | 2 3 5 |  5.1

Action                     |  1- 3 |  4- 6 |  7- 9 | 10-12 || total
---------------------------+-------+-------+-------+-------++-------
  Melee: Unarmed           |   112 |   174 |   363 |   481 ||  1130
         Bite              |     7 |    10 |    38 |    63 ||   118
         Punch             |     3 |     1 |    14 |    22 ||    40
         Headbutt          |       |       |    23 |   102 ||   125
         Maw               |       |       |       |    86 ||    86
  Evoke: Wand              |       |       |    12 |    40 ||    52
    Use: Scroll            |     2 |     5 |     6 |    14 ||    27
         Potion            |     1 |     4 |    10 |     6 ||    21
   Stab: Sleeping          |     6 |     7 |     7 |     2 ||    22
         Paralysed         |       |       |     2 |     5 ||     7
         Invisible         |       |       |       |     6 ||     6
 Armour: Skin              |    28 |    78 |   143 |   192 ||   441
  Dodge: Dodged            |    84 |   126 |   297 |   580 ||  1087
  Block: Other             |       |       |       |    74 ||    74
   Form: Flux              |       |       |       |     1 ||     1
         Maw               |       |       |       |     1 ||     1
